 Dungeon Crawl Stone Soup version 0.21.1-1-g345015f (webtiles) character file.

2387 inc the Digger (level 9, -1/51 HPs)
             Began as an Octopode Earth Elementalist on June 11, 2018.
             Was an Initiate of Gozag.
             Slain by a wolf (12 damage)
             ... led by Grum
             ... on level 7 of the Dungeon.
             The game lasted 00:14:02 (8816 turns).

inc the Digger (Octopode Earth Elementalist)        Turns: 8816, Time: 00:14:02

Health: -1/51      AC:  1    Str:  8    XL:     9   Next: 46%
Magic:  13/18      EV: 19    Int: 20    God:    Gozag
Gold:   807        SH:  6    Dex: 17    Spells: 14/20 levels left

rFire    . . .     SeeInvis .   m - +1 dagger (speed)
rCold    + . .     Gourm    .   x - +0 buckler
rNeg     . . .     Faith    .   (helmet restricted)
rPois    .         Spirit   .   (no amulet)
rElec    .         Reflect  .   C - ring of protection from cold
rCorr    .         Harm     .   (no ring)
MR       .....                  (no ring)
Stlth    ++++......             (no ring)
HPRegen  0.17/turn              (no ring)
MPRegen  0.16/turn              (no ring)
                                (no ring)
                                (no ring)

@: agile, about to teleport
A: almost no armour, stealthy swim, amphibious, 8 rings, constrict 8, camouflage
1, gelatinous body 1
a: Potion Petition, Call Merchant, Bribe Branch, Renounce Religion


You were on level 7 of the Dungeon.
You worshipped Gozag.
Gozag was pleased with you.
You were not hungry.

You visited 2 branches of the dungeon, and saw 9 of its levels.

You collected 859 gold pieces.
You paid 52 gold pieces to Gozag.

Inventory:

Hand Weapons
 m - a +1 dagger of speed (weapon)
 t - a +2 antimagic mace
Missiles
 b - 53 stones (quivered)
Armour
 x - a +0 buckler (worn)
Jewellery
 C - a ring of protection from cold (left tentacle)
 H - the amulet "Lusawica" {Inacc *Slow rPois rN+}
   (You found it on level 7 of the Dungeon)

   [amulet of inaccuracy]

   It reduces the accuracy of all your attacks.
   It protects you from poison.
   It protects you from negative energy.
   It may slow you when you take damage.
Wands
 u - a wand of digging (15)
 F - a wand of scattershot (6)
Scrolls
 a - 5 scrolls of identify
 f - 2 scrolls of enchant weapon
 g - 3 scrolls of magic mapping
 h - a scroll of teleportation
 k - a scroll of fog {unknown}
 n - 2 scrolls of remove curse
 s - a scroll of blinking {unknown}
 v - a scroll of immolation
 w - a scroll of fear {unknown}
 z - a scroll of noise {unknown}
 D - a scroll of vulnerability {unknown}
 J - a scroll of acquirement {unknown}
Potions
 e - 4 potions of ambrosia
 i - 2 potions of curing
 l - 2 potions of agility
 o - a potion of flight
 p - a potion of cancellation
 q - a potion of haste
 r - a potion of magic
 G - a potion of resistance
 I - a potion of lignification
Books
 d - a book of Geomancy

   Spells                             Type                      Level
   a - Sandblast                      Earth                        1
   b - Passwall                       Transmutation/Earth          2
   c - Stone Arrow                    Conjuration/Earth            3
   d - Petrify                        Transmutation/Earth          4
   e - Lee's Rapid Deconstruction     Earth                        5
 y - Sif Muna's Grimoire of Dislocation
   (You found it on level 5 of the Dungeon)

   Spells                             Type                      Level
   a - Apportation                    Translocation                1
 A - a book of Necromancy

   Spells                             Type                      Level
   a - Pain                           Necromancy                   1
   b - Animate Skeleton               Necromancy                   1
   c - Vampiric Draining              Necromancy                   3
   d - Regeneration                   Charms/Necromancy            3
   e - Animate Dead                   Necromancy                   4
   f - Borgnjor's Vile Clutch         Necromancy/Earth             5
 B - a book of Frost

   Spells                             Type                      Level
   a - Freeze                         Ice                          1
   b - Throw Frost                    Conjuration/Ice              2
   c - Ozocubu's Armour               Charms/Ice                   3
   d - Throw Icicle                   Conjuration/Ice              4
   e - Summon Ice Beast               Ice/Summoning                4
 E - a book of Cantrips

   Spells                             Type                      Level
   a - Confusing Touch                Hexes                        1
   b - Animate Skeleton               Necromancy                   1
   c - Summon Small Mammal            Summoning                    1
   d - Apportation                    Translocation                1
Comestibles
 c - 20 rations


   Skills:
 - Level 2.0 Dodging
 - Level 2.6 Stealth
 - Level 6.4 Shields
 + Level 6.0 Spellcasting
 - Level 4.4 Conjurations
 - Level 1.0 Transmutations
 - Level 7.7 Earth Magic


You had 14 spell levels left.
You knew the following spells:

 Your Spells              Type           Power        Failure   Level  Hunger
a - Sandblast             Erth           #####.       1%          1    None
b - Passwall              Tmut/Erth      ###.......   2%          2    None
c - Stone Arrow           Conj/Erth      ####..       2%          3    ##.....


Dungeon Overview and Level Annotations

Branches:
Dungeon (8/15)             Temple (1/1) D:5
   Lair: D:8-11

Altars:
Ashenzari
Dithmenos
Elyvilon
Fedhas
Gozag
Kikubaaqudgha
Makhleb
Nemelex Xobeh
Qazlal
Ru
Sif Muna
Trog
Uskayaw
Vehumet
Wu Jian
Xom
Yredelemnul
Zin
The Shining One

Annotations:
D:3 1 runed door
D:4 exclusion: oklob plant
D:8 Grum, Prince Ribbit


Innate Abilities, Weirdness & Mutations

You cannot wear most types of armour.
You are very stealthy in the water. (Stealth+)
You are amphibious.
You can wear up to eight rings at the same time.
You can use your tentacles to constrict eight enemies at once.
Your skin changes colour to match your surroundings (Stealth+).
Your rubbery body absorbs attacks. (AC +1, EV +1)


Message History

This rock feels extremely deep.
The wolf completely misses you. The wolf bites you!
You block the wolf's attack. x2
Casting: Passwall
Confirm with . or Enter, or press ? or * to list all spells.
Aiming: Sandblast
Press: ? - help, Shift-Dir - straight line, f/p - wolf
Aim: a wolf (severely wounded)
The blast of sand hits the wolf.
The wolf is severely wounded.
b - 53 stones The wolf bites you but does no damage.
The wolf bites you!
* * * LOW HITPOINT WARNING * * *
You feel agile all of a sudden. The wolf misses you. The wolf bites you.
* * * LOW HITPOINT WARNING * * *
You block the wolf's attack. x2
As you read the scroll of teleportation, it crumbles to dust.
You feel strangely unstable. The wolf bites you!
You die...
Your body crumbles into a pile of gold.

##### #...# #...#
#...######
##...#....########
..........'....h@#
##........######h#
#....##### #h#
#####.# #####.#
#####.#### #.....#
##.......# #.#####
##.......# #.#
##.......# #.#
##.......# #.#


You could see 3 wolves.

Vanquished Creatures
  The ghost of Drak the Grave Robber, a novice HONe (D:3)
  A hippogriff (D:7)
  An ice beast (D:7)
  An ogre (D:5)
  3 bullfrogs
  3 scorpions
  6 killer bees (D:7)
  2 howler monkeys
  4 crimson imps
  5 hounds
  An orc priest (D:3)
  4 orc wizards
  A bullfrog skeleton (D:8)
  2 iguanas
  Natasha (thrice) (D:3)
  7 worker ants
  4 gnolls (D:2)
  10 adders
  4 shadow imps
  2 oozes
  An adder skeleton (D:5)
  5 worms
  3 dart slugs
  4 leopard geckos
  22 orcs
  6 ball pythons
  4 giant cockroaches
  7 goblins
  15 hobgoblins
  17 jackals
  7 kobolds
  4 quokkas
  5 bats
  2 frilled lizards
  A leopard gecko skeleton (D:4)
  7 rats
  A spectral orc (D:6)
176 creatures vanquished.

Vanquished Creatures (others)
  A centaur (D:5)
  A worker ant (D:5)
  An adder (D:5)
  A leopard gecko (D:5)
  2 orcs (D:5)
6 creatures vanquished.

Grand Total: 182 creatures vanquished

Notes
Turn   | Place    | Note
-------+----------+-------------------------------------------
     0 | D:1      | inc the Octopode Earth Elementalist began the quest for the Orb.
     0 | D:1      | Reached XP level 1. HP: 11/11 MP: 3/3
   209 | D:1      | Reached XP level 2. HP: 12/17 MP: 1/5
   473 | D:1      | Reached skill level 4 in Earth Magic
   713 | D:1      | Reached XP level 3. HP: 21/21 MP: 6/6
  1226 | D:2      | Found a blossoming altar of Fedhas.
  1316 | D:2      | Reached XP level 4. HP: 27/27 MP: 1/7
  1417 | D:2      | Found a burning altar of Makhleb.
  1600 | D:2      | Reached skill level 5 in Earth Magic
  1772 | D:2      | Reached XP level 5. HP: 27/31 MP: 0/8
  2452 | D:3      | Reached skill level 6 in Earth Magic
  2826 | D:3      | Found a runed door.
  2948 | D:3      | Learned a level 2 spell: Passwall
  2952 | D:3      | Learned a level 3 spell: Stone Arrow
  2971 | D:3      | Noticed Drak's ghost (novice HONe)
  2991 | D:3      | Killed Drak's ghost
  2991 | D:3      | Reached XP level 6. HP: 12/36 MP: 0/9
  2991 | D:3      | Reached XP level 7. HP: 13/41 MP: 0/10
  3203 | D:3      | Found a glowing golden altar of the Shining One.
  3230 | D:3      | Noticed Natasha
  3254 | D:3      | Killed Natasha
  3906 | D:3      | Noticed Natasha
  3914 | D:3      | Killed Natasha
  3914 | D:3      | Reached skill level 7 in Earth Magic
  4111 | D:3      | Noticed Natasha
  4114 | D:3      | Killed Natasha
  4234 | D:3      | Found a bloodstained altar of Trog.
  5097 | D:5      | Entered Level 5 of the Dungeon
  5133 | D:5      | Found a shimmering altar of Xom.
  5155 | D:5      | Found a staircase to the Ecumenical Temple.
  5162 | Temple   | Entered the Ecumenical Temple
  5221 | Temple   | Became a worshipper of Gozag Ym Sagoz the Greedy
  5469 | D:5      | Reached XP level 8. HP: 40/46 MP: 8/12
  5923 | D:4      | Reached skill level 5 in Spellcasting
  6035 | D:4      | Found a blossoming altar of Fedhas.
  6087 | D:4      | Noticed an oklob plant
  6377 | D:4      | Found a white marble altar of Elyvilon.
  6739 | D:5      | Found an ancient bone altar of Kikubaaqudgha.
  6740 | D:5      | Found a radiant altar of Vehumet.
  6742 | D:5      | Found a deep blue altar of Sif Muna.
  6749 | D:5      | Identified Sif Muna's Grimoire of Dislocation
  7021 | D:6      | Reached skill level 1 in Shields
  7592 | D:6      | Found a basalt altar of Yredelemnul.
  7728 | D:7      | Got a scintillating sapphire amulet
  7730 | D:7      | Identified the amulet "Lusawica" {Inacc *Slow rPois rN+} (You found it on level 7 of the Dungeon)
  7768 | D:7      | Noticed a hippogriff
  7769 | D:7      | Found a sparkling altar of Nemelex Xobeh.
  7773 | D:7      | Killed a hippogriff
  7773 | D:7      | Reached skill level 5 in Shields
  7773 | D:7      | Reached XP level 9. HP: 46/51 MP: 12/16
  7810 | D:7      | Found a shattered altar of Ashenzari.
  8797 | D:8      | Noticed Grum
  8800 | D:8      | Noticed Prince Ribbit
  8816 | D:7      | Slain by a wolf

Skill      XL: |  1  2  3  4  5  6  7  8  9 |
---------------+----------------------------+-----
Earth Magic    | 4 5 6 7 |  7.7
Conjurations   | 3 4 |  4.4
Spellcasting   | 5 6 |  6.0
Shields        | 5 6 |  6.4
Dodging        | |  2.0
Stealth        | |  2.6
Transmutations | |  1.0

Action                   |  1- 3 |  4- 6 |  7- 9 || total
-------------------------+-------+-------+-------++-------
Melee: Unarmed           |    19 |    18 |       ||    37
       Constrict         |     7 |     8 |    14 ||    29
       Tentacles         |     2 |     3 |    12 ||    17
       Dagger            |       |    12 |    62 ||    74
 Cast: Sandblast         |    40 |    49 |   159 ||   248
       Passwall          |       |       |     3 ||     3
  Use: Scroll            |       |     4 |    12 ||    16
       Potion            |       |       |     3 ||     3
 Stab: Sleeping          |     3 |     3 |     5 ||    11
  Eat: Chunk             |     1 |     6 |     7 ||    14
       Ration            |       |       |     4 ||     4
Armor: Skin              |     3 |     3 |     4 ||    10
Dodge: Dodged            |    18 |    30 |    79 ||   127
Block: Buckler           |       |       |    20 ||    20
